 Dungeon Crawl Stone Soup version 0.29-a0-322-g68df515428 (webtiles) character file.

Game seed: 3595830814491651117

438 HotDog the Covered (level 7, 2/64 HPs)
             Began as a Gargoyle Fighter on Apr 7, 2022.
             Quit the game on level 4 of the Dungeon.
             The game lasted 00:07:25 (4432 turns).

HotDog the Covered (Gargoyle Fighter)               Turns: 4432, Time: 00:07:25

Health: 2/64       AC: 23    Str: 22    XL:     7   Next: 1%
Magic:  8/8        EV:  2    Int:  8    God:
Gold:   56         SH:  4    Dex:  7    Spells: 6/6 levels left

rFire   . . .      SeeInvis .   a - +1 flail
rCold   . . .      Faith    .   c - +0 buckler
rNeg    + . .      Spirit   .   (body armour currently unavailable)
rPois   ∞          Reflect  .   (helmet currently unavailable)
rElec   .          Harm     .   (cloak currently unavailable)
rCorr   .          Rampage  .   (gloves currently unavailable)
Will    .....      NoTele   +   (boots currently unavailable)
Stlth   +.........              (no amulet)
HPRegen 0.20/turn               (no ring)
MPRegen 0.11/turn               (no ring)

@: tree-form
A: stationary, stasis, torment immunity, boosted hp, sickness immunity, AC +4,
negative energy resistance 1, (electricity resistance), torment resistance 1,
petrification resistance, clumsy 1
a: no special abilities


You were on level 4 of the Dungeon.
You were a tree.
You visited 1 branch of the dungeon, and saw 4 of its levels.

You collected 56 gold pieces.

Inventory:

Hand Weapons
 a - a +1 flail (weapon)
Armour
 c - a +0 buckler (worn)
 e - a +0 pair of gloves (melded)
 h - a +0 chain mail (melded)
Wands
 f - a wand of paralysis (9)
Scrolls
 i - a scroll of teleportation {unknown}
 k - a scroll of fog {unknown}
Potions
 d - a potion of might
 g - a potion of attraction {unknown}
 j - a potion of resistance


   Skills:
 * Level 4.3 Fighting
 * Level 4.5 Maces & Flails
 * Level 4.8 Armour
 * Level 1.5 Dodging
 * Level 4.0 Shields
 * Level 2.0 Invocations


You had 6 spell levels left.
You didn't know any spells.
Your spell library contained the following spells:

 Spells                   Type           Power      Damage    Failure   Level
 Ensorcelled Hibernation  Hex/Ice        0%         N/A       63%         2
 Passwall                 Tmut/Erth      0%         N/A       63%         2
 Swiftness                Air            0%         N/A       86%         3


Dungeon Overview and Level Annotations

Branches:
Dungeon (4/15)
 Temple: D:4-7

Altars:


Innate Abilities, Weirdness & Mutations

You are a tree.
Your roots penetrate the ground, keeping you stationary.
You cannot be teleported.
You are immune to unholy pain and torment.
Your maximum health is greatly increased.
Your equipment is partially melded.
You are immune to sickness and miasma.
((Your stone body is resilient. (AC +4)))
You are immune to poison.
You resist negative energy. (rN+)
((You are resistant to electric shocks. (rElec)))
You are resistant to unholy torment.
You are immune to petrification.
You are clumsy. (Dex -2)


Message History

An orc is nearby!
An orc is nearby!
An orc is nearby! 2 gnolls come into view.
The orc wizard shouts!
The orc shouts!
The gnoll shouts!
You hear a shout! x3
The orc wizard mumbles some strange words.
The orc wizard flickers and vanishes!
Deactivating autopickup; reactivate with Ctrl-A.
You hear a shout!
A gnoll comes into view. It is wielding a +0 club.
The gnoll hits you but does no damage.
You barely miss the gnoll. The gnoll hits you with a +0 flail.
The gnoll hits you from afar with a +0 halberd!
The gnoll attacks as you move away! The gnoll hits you but does no damage.
The gnoll attacks as you move away! The gnoll hits you but does no damage.
The gnoll attacks as you move away! The gnoll hits you with a +0 flail.
The gnoll attacks as you move away! The gnoll hits you but does no damage.
The gnoll attacks as you move away! The gnoll closely misses you.
The gnoll attacks as you move away! The gnoll completely misses you.
The gnoll attacks as you move away! The gnoll hits you but does no damage.
The gnoll attacks as you move away! The gnoll hits you with a +0 flail.
The gnoll attacks as you move away! The gnoll hits you with a +0 flail!
The gnoll attacks as you move away! The gnoll hits you but does no damage.
The gnoll attacks as you move away! The gnoll hits you but does no damage.
The gnoll attacks as you move away! The gnoll hits you with a +0 flail!
* * * LOW HITPOINT WARNING * * *
The gnoll attacks as you move away! You block the gnoll's attack.
The gnoll attacks as you move away! The gnoll hits you but does no damage.
The gnoll attacks as you move away! The gnoll hits you but does no damage.
The gnoll attacks as you move away! The gnoll hits you with a +0 flail.
* * * LOW HITPOINT WARNING * * *
It was a potion of lignification.
You turn into a tree.
Your +0 pair of gloves melds into your body.
Your +0 chain mail melds into your body.
Your roots penetrate the ground.
The gnoll hits you with a +0 flail!
* * * LOW HITPOINT WARNING * * *
You block the gnoll's attack.
You cannot move.
Okay, then.
Are you sure you want to abandon this character and quit the game? (Confirm with "yes".)

# # # # ####### #.....# #.###.#
###########################.###.#
..........og{ogg♣.............>..
####...#################....##..#
#..[†.......# #..###...#
####...........# #...##..##
...............# #.<.....##
...............# #######.#.###.##
...............# #.....÷......(##
.......######### #.#####.#.######
.......# #.# #.#.# #


You could see 3 gnolls and 2 orcs.

Vanquished Creatures
  Sigmund (D:3)
  A hound (D:4)
  3 iguanas
  An orc wizard (D:3)
  Terence (D:3)
  2 adders
  4 gnolls
  2 dart slugs
  8 orcs (D:3)
  4 ball pythons
  A bat (D:1)
  3 endoplasms (D:1)
  A giant cockroach (D:1)
  12 hobgoblins
  3 frilled lizards
  3 goblins
  8 kobolds
  5 rats
63 creatures vanquished.

Notes
Turn   | Place    | Note
-------+----------+-------------------------------------------
     0 | D:1      | HotDog the Gargoyle Fighter began the quest for the Orb.
     0 | D:1      | Reached XP level 1. HP: 14/14 MP: 1/1
   166 | D:1      | Reached XP level 2. HP: 12/19 MP: 2/2
  1015 | D:1      | Reached XP level 3. HP: 14/23 MP: 3/3
  1798 | D:2      | Noticed an ogre
  1864 | D:3      | Noticed Terence
  1875 | D:3      | Killed Terence
  1876 | D:3      | Reached XP level 4. HP: 22/28 MP: 4/4
  2066 | D:3      | Reached skill level 1 in Invocations
  2820 | D:3      | Noticed Sigmund
  2838 | D:3      | Gained mutation: You are clumsy. (Dex -2) [potion of
                  | mutation]
  2844 | D:3      | Killed Sigmund
  2845 | D:3      | Reached skill level 1 in Dodging
  2845 | D:3      | Reached XP level 5. HP: 11/33 MP: 4/6
  2845 | D:3      | Reached XP level 6. HP: 12/38 MP: 4/7
  4367 | D:4      | Reached XP level 7. HP: 43/43 MP: 8/8
  4431 | D:4      | HP: 2/64 [gnoll/+0 flail (7)]
  4432 | D:4      | Quit the game

Illustrated notes

Levels and vault maps discovered:
D:1:      eino_arrival_cavern_c, layout_basic
D:2:      layout_basic
D:3:      layout_loops_ring, nicolae_figureground_pulse, uniq_terence,
          uniq_sigmund
D:4:      layout_basic, kennysheep_mini_moat, nemelex_altar_shiori,
          roderic_roman_lattice

Skill      XL: |  1  2  3  4  5  6 |
---------------+-------------------+-----
Armour         | 4 |  4.8
Invocations    | 1 2 |  2.0
Maces & Flails | 4 |  4.5
Fighting       | 4 |  4.3
Dodging        | 1 |  1.5
Shields        | 4 |  4.0

Action                   |  1- 3 |  4- 6 |  7- 9 || total
-------------------------+-------+-------+-------++-------
Melee: Flail             |    87 |   148 |     4 ||   239
  Use: Potion            |     2 |     3 |     1 ||     6
       Scroll            |     2 |     2 |       ||     4
Armor: Scale mail        |    68 |    12 |       ||    80
       Chain mail        |       |    77 |    11 ||    88
Dodge: Dodged            |    48 |    53 |     2 ||   103
Block: Buckler           |    17 |    25 |     2 ||    44

Table legend: (Time is in decaauts)
 A = Elapsed time spent in this place.
 B = Non-inter-level travel time spent in this place.
 C = Inter-level travel time spent in this place.
 D = Time resting spent in this place.
 E = Time spent auto-exploring this place.
 F = Levels seen in this place.
 G = Mean time per level.
                   A        B        C        D        E       F      G
               +--------+--------+--------+--------+--------+-----+--------+
         Total |   4484 |   4344 |    140 |   2158 |   1514 |   4 | 1121.0 |
       Dungeon |   4484 |   4344 |    140 |   2158 |   1514 |   4 | 1121.0 |
               +--------+--------+--------+--------+--------+-----+--------+

Top non-repeatable levels by time:
     D:3: 2006 daAuts
     D:1: 1830 daAuts
     D:4: 539 daAuts
     D:2: 108 daAuts
